 Seeded DCSS version 0.30.0-15-g856e2d3f33 (webtiles) character file.

Game seed: 12735965570273765983 (custom seed)

30 Pimp the Shooter (level 3, -5/29 HPs)
             Began as a Barachi Hunter on May 19, 2023.
             Slain by Terence
             ... wielding a +3 flail
              (11 damage)
             ... on level 2 of the Dungeon.
             The game lasted 00:02:34 (885 turns).

Pimp the Shooter (Barachi Hunter)                    Turns: 885, Time: 00:02:34

Health: -5/29      AC:  3    Str: 12    XL:     3   Next: 20%
Magic:  3/3        EV: 12    Int:  9    God:
Gold:   17         SH:  0    Dex: 17    Spells: 2/2 levels left

rFire   . . .        a - +0 shortbow
rCold   . . .        (shield currently unavailable)
rNeg    . . .        c - +0 leather armour
rPois   .            (no helmet)
rElec   .            (no cloak)
rCorr   .            (no gloves)
SInv    .            (no boots)
Will    .....        (no amulet)
Stlth   ++           (no ring)
HPRegen 0.24/turn    (no ring)
MPRegen 0.08/turn

%: no passive effects
@: studying Polearms, slow
A: amphibious, slowness 1, strong legs 1, +LOS
a: Hop


You were on level 2 of the Dungeon.
You visited 1 branch of the dungeon, and saw 2 of its levels.

You collected 17 gold pieces.

Inventory:

Hand Weapons
 a - a +0 shortbow (weapon)
Armour
 c - a +0 leather armour (worn)
Magical Staves
 d - the staff of poison "Leleleeh" {rPois rN+ Will- rCorr Int+3}
   (You acquired it on level 1 of the Dungeon)

   [staff of poison]

   Base accuracy: +5 Base damage: 5 Base attack delay: 1.2 This weapon's minimum
   attack delay (0.6) is reached at skill level 12.
   Int:       It affects your intelligence (+3).
   rPois:     It protects you from poison.
   rN:        It protects you from negative energy.
   rCorr:     It protects you from acid and corrosion.
   Will:      It decreases your willpower.
   It falls into the 'Staves' category.
   It is a one-handed weapon.
Scrolls
 b - a scroll of immolation
 e - a scroll of identify {unknown}
 h - a scroll of blinking {unknown}
Potions
 f - a potion of degeneration {unknown}
 g - a potion of haste {unknown}


   Skills:
 + Level 3.0 Fighting
 + Level 4.2 Ranged Weapons
 + Level 2.7 Dodging
 + Level 1.5 Stealth


You had 2 spell levels left.
You didn't know any spells.
Your spell library was empty.

Dungeon Overview and Level Annotations

Branches:
Dungeon (2/15)

Altars:
Qazlal

Annotations:
D:2 Terence


Innate Abilities, Weirdness & Mutations

You are amphibious.
You cover ground slowly.
You can hop short distances.
You have an extended range of vision and can be seen from far away.


Message History

No target in view!
No target in view!
No target in view!
No target in view!
A frilled lizard comes into view.
The frilled lizard bites you but does no damage.
You shoot an arrow.
The arrow closely misses the frilled lizard.
The frilled lizard bites you.
You shoot an arrow.
The arrow barely misses the frilled lizard.
The frilled lizard bites you.
You shoot an arrow. The arrow hits the frilled lizard!
You kill the frilled lizard!
Terence screams, "I want your blood!" Terence hits you with a +3 flail!
You shoot an arrow. The arrow hits Terence.
Terence is heavily wounded.
Terence closely misses you.
You shoot an arrow. The arrow closely misses Terence.
Terence hits you with a +3 flail.
You shoot an arrow. The arrow hits Terence.
Terence is severely wounded.
Terence barely misses you. Terence hits you with a +3 flail.
You are too injured to fight recklessly!
You are too injured to fight recklessly!
You are too injured to fight recklessly!
You are too injured to fight recklessly!
You are too injured to fight recklessly!
You are too injured to fight recklessly!
You are too injured to fight recklessly!
You are too injured to fight recklessly!
You shoot an arrow. The arrow completely misses Terence.
Terence hits you with a +3 flail.
* * * LOW HITPOINT WARNING * * *
You shoot an arrow.
The arrow hits Terence but does no damage.
Terence is severely wounded.
Terence hits you with a +3 flail!
You die...

#######
.....####
#......###.#
#).........
#.._...#
#.....####
#.......<# #
#...#.######..#
#.#.#....@....#
# #
######@.....#
......# ..>[..#
......# ......#
#######


You could see Terence.

Vanquished Creatures
  4 ball pythons (D:1)
  3 endoplasms
  A goblin (D:1)
  3 hobgoblins (D:1)
  5 jackals (D:1)
  2 quokkas (D:1)
  2 frilled lizards
  2 kobolds (D:1)
  3 rats (D:1)
25 creatures vanquished.

Notes
Turn   | Place    | Note
-------+----------+-------------------------------------------
     0 | D:1      | Pimp the Barachi Hunter began the quest for the Orb.
     0 | D:1      | Reached XP level 1. HP: 17/17 MP: 1/1
    54 | D:1      | Reached skill level 1 in Stealth
    57 | D:1      | Reached XP level 2. HP: 7/23 MP: 2/2
   510 | D:1      | Reached XP level 3. HP: 28/28 MP: 3/3
   823 | D:1      | Identified 2 scrolls of acquirement
   823 | D:1      | Acquired a manual of Polearms
   824 | D:1      | Acquired the staff of poison "Leleleeh" {rPois rN+ Will-
                  | rCorr Int+3}
   862 | D:2      | Found a stormy altar of Qazlal.
   874 | D:2      | Noticed Terence
   885 | D:2      | Slain by Terence

Illustrated notes

Levels and vault maps discovered:
D:1:      dpeg_arrival_long_road, layout_loops_cross, hex_tiny
D:2:      minmay_evil_eye, layout_basic, basic_altar, minmay_ruptured,
          uniq_terence

Skill      XL: |  1  2  3 |
---------------+----------+-----
Stealth        | 1 |  1.5
Fighting       | 3 |  3.0
Ranged Weapons | |  4.2
Dodging        | |  2.7

Action                     || total
---------------------------++-------
   Fire: Shortbow          ||    77
    Use: Scroll            ||     2
 Armour: Leather armour    ||    10
  Dodge: Dodged            ||    35
